 Dungeon Crawl Stone Soup version 0.20-a0-1006-ge6c5631 (webtiles) character file.

78 Ordine the Chopper (level 4, -6/28 HPs)
             Began as a Tengu Fighter on Apr 13, 2017.
             Mangled by Sigmund
             ... wielding a +2 scythe of protection
              (10 damage)
             ... on level 2 of the Dungeon.
             The game lasted 00:03:33 (1435 turns).

Ordine the Chopper (Tengu Fighter)                  Turns: 1435, Time: 00:03:33

Health: -6/28      AC:  7    Str: 13 (16) XL:     4   Next: 36%
Magic:  5/5        EV:  8    Int:  8 (9)  God:
Gold:   35         SH:  0    Dex: 13 (14) Spells: 3/3 levels left

rFire    . . .     SeeInvis .   a - +1 war axe
rCold    . . .     Gourm    .   (no shield)
rNeg     . . .     Faith    .   b - +0 scale mail
rPois    .         Spirit   .   (helmet restricted)
rElec    .         Reflect  .   (no cloak)
rCorr    .         Harm     .   (no gloves)
MR       .....                  (boots unavailable)
Stlth    ..........             (no amulet)
Regen    0.1/turn               i - +1 ring of protection
MPRegen  0.1/turn               (no ring)

@: no status effects
A: beak, talons 3
a: no special abilities


You were on level 2 of the Dungeon.
You were not hungry.

You visited 1 branch of the dungeon, and saw 2 of its levels.

You collected 35 gold pieces.

Inventory:

Hand Weapons
 a - a +1 war axe (weapon)
Armour
 b - a +0 scale mail (worn)
 c - a +0 shield
Jewellery
 e - an uncursed amulet of faith {unknown}
 i - a +1 ring of protection (left hand)
Potions
 k - a potion of degeneration
Comestibles
 d - 2 chunks of flesh
 f - a bread ration
 g - a meat ration
 h - 2 fruits


   Skills:
 - Level 3.0 Fighting
 + Level 4.9 Axes
 - Level 3.2 Armour
 - Level 3.0 Shields


You had 3 spell levels left.
You didn't know any spells.

Dungeon Overview and Level Annotations

Branches:
Dungeon (2/15)

Altars:

Annotations:
D:2 Sigmund


Innate Abilities, Weirdness & Mutations

You have a beak for a mouth.
You have claws for feet.


Message History

Something hits you but does no damage.
You barely miss something. You claw something.
You barely miss the frilled lizard.
The frilled lizard bites you but does no damage.
Something hits you but does no damage. The frilled lizard barely misses you.
You miss something. Your kick misses something.
You barely miss the frilled lizard.
The frilled lizard bites you but does no damage.
Something hits you.
You closely miss something. You miss the frilled lizard.
The frilled lizard barely misses you.
You closely miss something. Your peck misses something.
You barely miss the frilled lizard. Something hits you.
* * * LOW HITPOINT WARNING * * *
The frilled lizard bites you but does no damage.
Unknown command.
Your scale mail prevents you from hitting something.
You peck something. You closely miss the frilled lizard.
The frilled lizard barely misses you. Something hits you!
You die...

#.#
#.##...........+
#.#
#.####.#########
#.# #.# # #.#
#.# #.# #.#
####### #.# #.#
#...... #.# #.#
#?....l##.# #.#
#.....{@..#
#.########
#......####
#.........
#......
##......##
#...... #......#
####.## #..(...#
#+ #......#
#......#
########


You could see a frilled lizard.

Vanquished Creatures
  Jessica (D:2)
  A worm (D:2)
  A dart slug (D:1)
  2 leopard geckos (D:1)
  7 bats
  A giant cockroach (D:1)
  7 hobgoblins
  3 jackals (D:1)
  A quokka (D:2)
  2 frilled lizards
  7 goblins
  7 kobolds (D:1)
  3 rats
43 creatures vanquished.

Notes
Turn   | Place    | Note
-------+----------+-------------------------------------------
     0 | D:1      | Ordine the Tengu Fighter began the quest for the Orb.
     0 | D:1      | Reached XP level 1. HP: 14/14 MP: 2/2
    55 | D:1      | Reached XP level 2. HP: 12/19 MP: 3/3
    56 | D:1      | Reached skill level 3 in Axes
   406 | D:1      | Reached XP level 3. HP: 20/23 MP: 4/4
   607 | D:1      | Reached skill level 4 in Axes
   875 | D:2      | Noticed Jessica
   879 | D:2      | Killed Jessica
   879 | D:2      | Reached XP level 4. HP: 10/28 MP: 5/5
  1417 | D:2      | Noticed Sigmund
  1435 | D:2      | Mangled by Sigmund

Vault maps used:
D:1:      eino_arrival_water_star, minmay_misc_feat_pillars
D:2:      kennysheep_generic_room_12, uniq_jessica, uniq_natasha, uniq_sigmund

Skill      XL: |  1  2  3 |
---------------+----------+-----
Axes           | 3 4 |  4.9
Fighting       | |  3.0
Armour         | |  3.2
Shields        | |  3.0

Action                   |  1- 3 |  4- 6 || total
-------------------------+-------+-------++-------
Melee: War axe           |    73 |    33 ||   106
       Kick              |    12 |     8 ||    20
       Peck              |    10 |     5 ||    15
  Use: Scroll            |     2 |     2 ||     4
       Potion            |     1 |     3 ||     4
  Eat: Chunk             |       |     2 ||     2
Armor: Scale mail        |    33 |    20 ||    53
Dodge: Dodged            |    54 |    14 ||    68
